TKirby, neutral male human Ranger -------- --------- |.......#` |.......| --------------- |......| # ------ |.......| |.............| |......| ######.....| ##........|#####..>...........| |......| |....| # |.......|# |.............| |.......#######.....|### |<......|# +.............| |......| |....|# --.------# |.............| -------- |....|# ######## -----------.--- |.....# # # ------ # ### d ###@# -h- ..h.. ...ooo..| |.....GG..| ----------- TKirby the Lookout Experience level: 4 Strength: 15 Dexterity: 12 Constitution: 14 Intelligence: 14 Wisdom: 13 Charisma: 7 Health: 0(31) Energy: 10(10) Def: 9 Gold: 111 Moves: 2277 Dungeon seed: 79CGfJIqd1YMJjVJ Game ID: TKirby_1491836186 Your Inventory: Coins $ - 111 gold pieces Weapons a - a +1 dagger (weapon in hand) b - a +1 bow (alternate weapon; not wielded) c - 46 +2 arrows (in quiver) d - 30 +0 arrows g - a +0 bow u - a +0 sling Armor e - an uncursed +2 cloak of displacement (being worn) y - a blessed +5 pair of low boots (being worn) Comestibles f - 2 uncursed cram rations D - an uncursed food ration Scrolls o - 3 uncursed scrolls of identify p - an uncursed scroll of amnesia q - an uncursed scroll of scare monster s - an uncursed scroll of confuse monster z - an uncursed scroll of teleportation Potions i - an uncursed potion of speed x - 2 uncursed potions of monster detection Rings j - a cursed -1 ring of increase accuracy Wands E - a wand of secret door detection (0:11) Tools l - an uncursed tin whistle t - an uncursed oil lamp (0:1245) A - an uncursed credit card Gems n - an uncursed worthless piece of black glass r - an uncursed worthless piece of yellow glass Spells and supernatural/magical abilities: Name Level Category Fail Memory W - pray for help -- divine ? -- Your skills at the end: Fighting Skills Weapon Skills dagger [Basic] bow [Basic] Spellcasting Skills Final Attributes: You were piously aligned. You had automatic searching. You were displaced. You are dead. Vanquished creatures: a fog cloud a floating eye an iguana a hobbit a hobgoblin a yellow mold a gnome 2 geckos 4 jackals 2 foxes a kobold 3 goblins 3 sewer rats 5 grid bugs 4 lichens a kobold zombie 8 newts 40 creatures vanquished. Voluntary challenges: You were vegetarian. You were an atheist. You used a wielded weapon 38 times, starting on turn 33. You were illiterate. You never genocided any monsters. You never polymorphed an object. You never changed form. You used no wishes. You never split a pudding. You never wrote Elbereth's name. You never violated your personal moral code. Dungeon overview: The Dungeons of Doom: levels 1 to 6 Level 1 some fountains a long staircase Level 2 Level 3 some fountains a long staircase Level 4 Level 5 Level 6 <- You were here a throne History has recorded: On T:1 you entered the Dungeons of Doom to retrieve the Amulet of Yendor! On T:534 you reached level 2 of The Dungeons of Doom. On T:645 you advanced to experience level 2. On T:869 you reached level 3 of The Dungeons of Doom. On T:1251 you reached level 4 of The Dungeons of Doom. On T:1305 you advanced to experience level 3. On T:1701 you reached level 5 of The Dungeons of Doom. On T:2051 you advanced to experience level 4. On T:2158 you reached level 6 of The Dungeons of Doom. Score breakdown: Gold: 111 ( 6970 points) Experience: 4 levels ( 9649 points) Exploration: 6 levels ( 12.50%) ( 9784 points) Discoveries: 1 item ( 0.33%) ( 1734 points) Valuables value: (no points given unless you survive) Artifact value: 0 ( 0 points) Variety of kills: 17 monsters ( 4.46%) ( 6336 points) Turncount: 2277 turns ( -192 points) Survival: died (score multiplied by 80%) Total score: 27424 Latest messages: The hobgoblin misses the bugbear. The arrow misses the bugbear. The bugbear picks up a +2 arrow. The arrow hits the bugbear. The bugbear thrusts her crude dagger. The bugbear hits! The arrow hits the bugbear. The bugbear thrusts her crude dagger. The bugbear misses. The arrow misses the bugbear. The bugbear picks up a crude dagger. The arrow hits the bugbear. The bugbear thrusts her crude dagger. The bugbear hits! The arrow misses the bugbear. The Uruk-hai hits the bugbear. The bugbear thrusts her crude dagger. The bugbear hits! You die... Final status: Goodbye TKirby the Ranger, killed by a bugbear... You died in The Dungeons of Doom on dungeon level 6 with 27424 points, and 111 pieces of gold, after 2277 moves. You were level 4 with a maximum of 31 hit points when you died.